| TOP OF THE 1ST |
|
New York Yankees batting - Pitching for Detroit Tigers : LHP Mike Maitland
|
|
Pitching: LHP Mike Maitland
|
|
|
Batting: SHB Tim Raines
|
0-0: Ball 1-0: Ground out 5-3 (Groundball, 56S, EV 82.5 MPH)
|
|
Batting: SHB Willie Wilson
|
0-0: Swinging Strike 0-1: Ball 1-1: SINGLE (Line Drive, 78M, EV 91.9 MPH)
|
|
Batting: RHB Rod Allen
|
0-0: Called Strike 0-1: Ball 1-1: Ball 2-1: Called Strike 2-2: Ball 3-2: Base on Balls Willie Wilson to second
|
|
Batting: LHB Kent Hrbek
|
0-0: Called Strike 0-1: Ball Willie Wilson steals 3rd base Rod Allen to second 1-1: Called Strike 1-2: Ball 2-2: Fly out, F7 (Flyball, 7, EV 73.1 MPH) Runner from 3rd tags up, SCORES, throw by LF
|
|
Batting: LHB George Kaage
|
0-0: Ball 1-0: Foul Ball, location: 2F 1-1: Foul Ball, location: 2F 1-2: SINGLE (Line Drive, 8LS, EV 101.3 MPH) Rod Allen to third Runner from 3rd tries for Home, SAFE, throw by CF to home George Kaage to second
|
|
Batting: SHB Jerry Manuel
|
0-0: SINGLE (Groundball, 6MS, EV 88.8 MPH) (infield hit) George Kaage to third
|
|
Batting: LHB Denny Porter
|
0-0: Called Strike 0-1: Ball 1-1: Ball 2-1: Foul Ball, location: 2F 2-2: Foul Ball, location: 2F 2-2: Foul Ball, location: 2F 2-2: Ground out 1-3 (Groundball, P, EV 73.8 MPH)
|
| Top of the 1st over - 2 runs, 3 hits, 0 errors, 2 left on base; New York 2 - Detroit 0 |
| BOTTOM OF THE 1ST |
|
Detroit Tigers batting - Pitching for New York Yankees : RHP Greg Field
|
|
Pitching: RHP Greg Field
|
|
|
Batting: SHB Lee Mazzilli
|
0-0: Ball 1-0: DOUBLE (Flyball, 78XD, EV 110.0 MPH)
|
|
Batting: SHB Raul Gonzalez
|
0-0: Ball 1-0: Ground out 4-3 (Groundball, 4, EV 85.6 MPH) Lee Mazzilli to third
|
|
Batting: SHB Tony Phillips
|
0-0: Ball 1-0: Ball 2-0: Swinging Strike 2-1: SINGLE (Flyball, 8RS, EV 92.5 MPH) Lee Mazzilli scores
|
|
Batting: LHB Greg Brock
|
0-0: Ball 1-0: Ball 2-0: Fielders Choice at 2nd, 2-6 (Groundball, 13S, EV 69.4 MPH)
|
|
Batting: RHB Keith Moreland
|
0-0: Ball 1-0: Ball 2-0: Called Strike 2-1: Ball 3-1: Ground out 4-3 (Groundball, 4, EV 84.4 MPH)
|
| Bottom of the 1st over - 1 run, 2 hits, 0 errors, 1 left on base; New York 2 - Detroit 1 |
| TOP OF THE 2ND |
|
New York Yankees batting - Pitching for Detroit Tigers : LHP Mike Maitland
|
|
Batting: LHB Jessie Reid
|
0-0: Swinging Strike 0-1: Foul Ball, location: 2F 0-2: Foul Ball, location: 2F 0-2: Foul Ball, location: 2F 0-2: Ball 1-2: Foul Ball, location: 2F 1-2: Ground out 1-3 (Groundball, 13S, EV 68.8 MPH)
|
|
Batting: LHB Jordan Medrano
|
0-0: Ball 1-0: Ball 2-0: Foul Ball, location: 2F 2-1: Foul Ball, location: 2F 2-2: Ball 3-2: Base on Balls
|
|
Batting: SHB Tim Raines
|
0-0: Foul Ball, location: 2F 0-1: Called Strike 0-2: Fly out, F5 (Line Drive, 5, EV 70.0 MPH)
|
|
Batting: SHB Willie Wilson
|
0-0: Swinging Strike 0-1: Ground out U3 (Groundball, 3S, EV 87.5 MPH)
|
| Top of the 2nd over - 0 runs, 0 hits, 0 errors, 1 left on base; New York 2 - Detroit 1 |
| BOTTOM OF THE 2ND |
|
Detroit Tigers batting - Pitching for New York Yankees : RHP Greg Field
|
|
Batting: RHB Andre Thornton
|
0-0: Called Strike 0-1: Foul Ball, location: 2F 0-2: Ground out 6-3 (Groundball, 6S, EV 65.6 MPH)
|
|
Batting: LHB Randy S Johnson
|
0-0: Foul Ball, location: 2F 0-1: Ground out 6-3 (Groundball, 56D, EV 103.1 MPH)
|
|
Batting: RHB Larry Parrish
|
0-0: Ball 1-0: Ball 2-0: TRIPLE (Flyball, 89XD, EV 90.6 MPH)
|
|
Batting: RHB Mike Sproles
|
0-0: Called Strike 0-1: Called Strike 0-2: Fly out, F9 (Line Drive, 9, EV 95.0 MPH)
|
| Bottom of the 2nd over - 0 runs, 1 hit, 0 errors, 1 left on base; New York 2 - Detroit 1 |
| TOP OF THE 3RD |
|
New York Yankees batting - Pitching for Detroit Tigers : LHP Mike Maitland
|
|
Batting: RHB Rod Allen
|
0-0: Ball 1-0: Called Strike 1-1: Foul Ball, location: 2F 1-2: Foul Ball, location: 2F 1-2: Ball 2-2: Ball 3-2: SINGLE (Groundball, 6MD, EV 97.5 MPH)
|
|
Batting: LHB Kent Hrbek
|
0-0: Called Strike 0-1: Ball 1-1: Ball 2-1: Called Strike 2-2: Ball 3-2: Fielders Choice at 2nd, 3-6 (Groundball, 3S, EV 87.5 MPH)
|
|
Batting: LHB George Kaage
|
0-0: Called Strike 0-1: Called Strike 0-2: Strikes out looking
|
|
Batting: SHB Jerry Manuel
|
0-0: Fielders Choice at 2nd, 6-4 (Groundball, 6, EV 84.4 MPH)
|
| Top of the 3rd over - 0 runs, 1 hit, 0 errors, 1 left on base; New York 2 - Detroit 1 |
| BOTTOM OF THE 3RD |
|
Detroit Tigers batting - Pitching for New York Yankees : RHP Greg Field
|
|
Batting: SHB Lee Mazzilli
|
0-0: Called Strike 0-1: Ball 1-1: Ball 2-1: Fly out, F8 (Flyball, 78XD, EV 100.0 MPH)
|
|
Batting: SHB Raul Gonzalez
|
0-0: Fly out, F9 (Flyball, 9S, EV 89.4 MPH)
|
|
Batting: SHB Tony Phillips
|
0-0: Called Strike 0-1: Ball 1-1: Foul Ball, location: 2F 1-2: Foul Ball, location: 2F 1-2: Ball 2-2: Ball 3-2: DOUBLE (Flyball, 78D, EV 93.1 MPH)
|
|
Batting: LHB Greg Brock
|
0-0: Called Strike 0-1: Swinging Strike 0-2: Ball 1-2: Ball 2-2: Fly out, F9 (Line Drive, 9D, EV 94.4 MPH)
|
| Bottom of the 3rd over - 0 runs, 1 hit, 0 errors, 1 left on base; New York 2 - Detroit 1 |
| TOP OF THE 4TH |
|
New York Yankees batting - Pitching for Detroit Tigers : LHP Mike Maitland
|
|
Batting: LHB Denny Porter
|
0-0: Ball 1-0: Called Strike 1-1: Swinging Strike 1-2: Foul Ball, location: 2F 1-2: Ball 2-2: Ball 3-2: SOLO HOME RUN (Flyball, 9D, EV 104.4 MPH), Distance : 408 ft
|
|
Batting: LHB Jessie Reid
|
0-0: Called Strike 0-1: Foul Ball, location: 2F 0-2: Strikes out swinging
|
|
Batting: LHB Jordan Medrano
|
0-0: Foul Ball, location: 2F 0-1: Ball 1-1: Ball 2-1: Ball 3-1: Base on Balls
|
|
Batting: SHB Tim Raines
|
0-0: Called Strike 0-1: Swinging Strike 0-2: Foul Ball, location: 2F 0-2: Ball 1-2: Fly out, F7 (Flyball, 78M, EV 85.6 MPH)
|
|
Batting: SHB Willie Wilson
|
0-0: Foul Ball, location: 2F 0-1: Swinging Strike 0-2: SINGLE (Line Drive, 56D, EV 101.9 MPH) Jordan Medrano to second
|
|
Batting: RHB Rod Allen
|
0-0: Called Strike 0-1: Swinging Strike 0-2: Fly out, F7 (Flyball, 78D, EV 97.5 MPH)
|
| Top of the 4th over - 1 run, 2 hits, 0 errors, 2 left on base; New York 3 - Detroit 1 |
| BOTTOM OF THE 4TH |
|
Detroit Tigers batting - Pitching for New York Yankees : RHP Greg Field
|
|
Batting: RHB Keith Moreland
|
0-0: Ball 1-0: Foul Ball, location: 2F 1-1: Ball 2-1: Ground out 6-3 (Groundball, 6, EV 98.1 MPH)
|
|
Batting: RHB Andre Thornton
|
0-0: Called Strike 0-1: Ball 1-1: Ball 2-1: Called Strike 2-2: Ball 3-2: Foul Ball, location: 2F 3-2: Base on Balls
|
|
Batting: LHB Randy S Johnson
|
0-0: Ball 1-0: SINGLE (Flyball, 7LS, EV 88.8 MPH) Andre Thornton to second
|
|
Batting: RHB Larry Parrish
|
0-0: Fly out, F8 (Flyball, 89S, EV 85.6 MPH)
|
|
Batting: RHB Mike Sproles
|
0-0: Called Strike 0-1: Ball 1-1: Ball 2-1: Ball 3-1: Called Strike 3-2: SINGLE (Line Drive, 34, EV 99.4 MPH) Andre Thornton to third Randy S Johnson to second Andre Thornton scores Randy S Johnson to third
|
|
Batting: SHB Lee Mazzilli
|
0-0: Foul Ball, location: 2F 0-1: Foul Ball, location: 2F 0-2: Ground out 6-3 (Groundball, 4MS, EV 83.1 MPH)
|
| Bottom of the 4th over - 1 run, 2 hits, 0 errors, 2 left on base; New York 3 - Detroit 2 |
| TOP OF THE 5TH |
|
New York Yankees batting - Pitching for Detroit Tigers : LHP Mike Maitland
|
|
Pitching: RHP Leonardo Gomez
|
|
|
Batting: LHB Kent Hrbek
|
0-0: Ball 1-0: Ball 2-0: Ball 3-0: Base on Balls
|
|
Batting: LHB George Kaage
|
0-0: Foul Ball, location: 2F 0-1: Ball 1-1: Swinging Strike 1-2: Foul Ball, location: 2F 1-2: Strikes out swinging
|
|
Batting: SHB Jerry Manuel
|
0-0: Ball 1-0: Foul Ball, location: 2F 1-1: SINGLE (Groundball, 6MS, EV 68.1 MPH) (infield hit) Kent Hrbek to second
|
|
Batting: LHB Denny Porter
|
0-0: Foul Ball, location: 2F 0-1: Ball 1-1: Ball 2-1: Fielders Choice at 2nd, 3-6 (Groundball, 3, EV 87.5 MPH) Kent Hrbek to third
|
|
Batting: LHB Jessie Reid
|
0-0: Called Strike 0-1: Ball 1-1: Foul Ball, location: 2F 1-2: Strikes out swinging
|
| Top of the 5th over - 0 runs, 1 hit, 0 errors, 2 left on base; New York 3 - Detroit 2 |
| BOTTOM OF THE 5TH |
|
Detroit Tigers batting - Pitching for New York Yankees : RHP Greg Field
|
|
Pitching: RHP Silvio Martinez
|
|
|
Batting: SHB Raul Gonzalez
|
0-0: Ground out 6-3 (Groundball, 6, EV 83.1 MPH)
|
|
Batting: SHB Tony Phillips
|
0-0: Ball 1-0: Swinging Strike 1-1: Ball 2-1: Swinging Strike 2-2: Ground out 4-3 (Groundball, 4S, EV 84.4 MPH)
|
|
Batting: LHB Greg Brock
|
0-0: Foul Ball, location: 2F 0-1: SINGLE (Groundball, 4MD, EV 98.1 MPH)
|
|
Batting: RHB Keith Moreland
|
0-0: Ball 1-0: Called Strike 1-1: Ball 2-1: Ball 3-1: Fly out, F8 (Flyball, 8RM, EV 97.5 MPH)
|
| Bottom of the 5th over - 0 runs, 1 hit, 0 errors, 1 left on base; New York 3 - Detroit 2 |
| TOP OF THE 6TH |
|
New York Yankees batting - Pitching for Detroit Tigers : RHP Leonardo Gomez
|
|
Batting: LHB Jordan Medrano
|
0-0: Ball 1-0: Swinging Strike 1-1: Foul Ball, location: 2F 1-2: Foul Ball, location: 2F 1-2: Ball 2-2: Ball 3-2: SOLO HOME RUN (Flyball, 9LD, EV 109.4 MPH), Distance : 357 ft
|
|
Pinch Hitting: RHB Vic Rodriguez
|
0-0: Ball 1-0: Ball 2-0: SINGLE (Groundball, 56, EV 110.0 MPH)
|
|
Batting: SHB Willie Wilson
|
0-0: Ball 1-0: Ball 2-0: Ball 3-0: Base on Balls Vic Rodriguez to second
|
|
Pinch Hitting: SHB Larry Hyman
|
0-0: Foul Ball, location: 2F 0-1: Foul Ball, location: 2F 0-2: Strikes out swinging
|
|
Batting: LHB Kent Hrbek
|
0-0: Called Strike 0-1: Swinging Strike 0-2: DOUBLE (Groundball, 5L, EV 111.3 MPH) Vic Rodriguez scores Willie Wilson to third Runner from 3rd tries for Home, SAFE, throw by LF to home
|
|
Pitching: LHP Mark Fisher
|
|
|
Batting: RHB Ezequiel Menjibar
|
0-0: Called Strike 0-1: Ball 1-1: Fly out, F8 (Flyball, 8RD, EV 87.5 MPH)
|
|
Pinch Hitting: RHB Emanuel Cortez
|
0-0: Ground out 1-3 (Groundball, 13S, EV 71.3 MPH)
|
| Top of the 6th over - 3 runs, 3 hits, 0 errors, 1 left on base; New York 6 - Detroit 2 |
| BOTTOM OF THE 6TH |
|
Detroit Tigers batting - Pitching for New York Yankees : RHP Silvio Martinez
|
|
Now at 3B: Wade Boggs
|
|
|
Now at SS: Emanuel Cortez
|
|
|
Now in LF: Larry Hyman
|
|
|
Batting: RHB Andre Thornton
|
0-0: Foul Ball, location: 2F 0-1: Foul Ball, location: 2F 0-2: Ball 1-2: Ball 2-2: Fly out, F7 (Line Drive, 7D, EV 89.4 MPH)
|
|
Batting: LHB Randy S Johnson
|
0-0: Called Strike 0-1: Ball 1-1: Ball 2-1: Foul Ball, location: 2F 2-2: Ball 3-2: Base on Balls
|
|
Batting: RHB Larry Parrish
|
0-0: Ball 1-0: Ball 2-0: Called Strike 2-1: Foul Ball, location: 2F 2-2: Ball 3-2: Strikes out looking
|
|
Batting: RHB Mike Sproles
|
0-0: Ground out 3-1 (Groundball, 13, EV 91.9 MPH)
|
| Bottom of the 6th over - 0 runs, 0 hits, 0 errors, 1 left on base; New York 6 - Detroit 2 |
| TOP OF THE 7TH |
|
New York Yankees batting - Pitching for Detroit Tigers : LHP Mark Fisher
|
|
Batting: LHB Denny Porter
|
0-0: Called Strike 0-1: Swinging Strike 0-2: Ball 1-2: Strikes out looking
|
|
Pinch Hitting: RHB David Hall
|
0-0: Foul Ball, location: 2F 0-1: Called Strike 0-2: Strikes out swinging
|
|
Pinch Hitting: LHB Mario Cabrera
|
0-0: Ball 1-0: Ball 2-0: Called Strike 2-1: Foul Ball, location: 2F 2-2: Foul Ball, location: 2F 2-2: Fly out, F6 (Popup, 56, EV 63.1 MPH)
|
| Top of the 7th over - 0 runs, 0 hits, 0 errors, 0 left on base; New York 6 - Detroit 2 |
| BOTTOM OF THE 7TH |
|
Detroit Tigers batting - Pitching for New York Yankees : RHP Silvio Martinez
|
|
Now at 3B: Mario Cabrera
|
|
|
Now in CF: David Hall
|
|
|
Pinch Hitting: RHB Rusty Tillman
|
0-0: Called Strike 0-1: Ball 1-1: Ball 2-1: Ball 3-1: Foul Ball, location: 2F 3-2: Ground out 6-3 (Groundball, 56, EV 88.8 MPH)
|
|
Pinch Hitting: RHB Rusty Kuntz
|
0-0: Ball 1-0: Ball 2-0: Ball 3-0: Called Strike 3-1: Called Strike 3-2: Foul Ball, location: 2F 3-2: Base on Balls
|
|
Pitching: RHP Jeff Cornell
|
|
|
Pinch Hitting: RHB Jose Hidalgo
|
0-0: Ball 1-0: Foul Ball, location: 2F 1-1: Foul Ball, location: 2F 1-2: Strikes out swinging
|
|
Pinch Hitting: RHB William Young
|
0-0: Swinging Strike 0-1: Foul Ball, location: 2F 0-2: Ball Rusty Kuntz steals 2nd base 1-2: Foul Ball, location: 2F 1-2: Strikes out swinging
|
| Bottom of the 7th over - 0 runs, 0 hits, 0 errors, 1 left on base; New York 6 - Detroit 2 |
| TOP OF THE 8TH |
|
New York Yankees batting - Pitching for Detroit Tigers : LHP Mark Fisher
|
|
Now at 1B: William Young
|
|
|
Now at 2B: Jose Hidalgo
|
|
|
Now in CF: Rusty Tillman
|
|
|
Now in RF: Rusty Kuntz
|
|
|
Batting: LHB Wade Boggs
|
0-0: Ball 1-0: Foul Ball, location: 2F 1-1: Ball 2-1: Swinging Strike 2-2: Fly out, F7 (Flyball, 7S, EV 94.4 MPH)
|
|
Batting: SHB Willie Wilson
|
0-0: Called Strike 0-1: Swinging Strike 0-2: Ball 1-2: Strikes out swinging
|
|
Pitching: RHP Preston Hanna
|
|
|
Batting: SHB Larry Hyman
|
0-0: Ball 1-0: Foul Ball, location: 2F 1-1: Ball 2-1: Ball 3-1: Base on Balls
|
|
Batting: LHB Kent Hrbek
|
0-0: Ball 1-0: Ball 2-0: Called Strike 2-1: Called Strike 2-2: Strikes out swinging
|
| Top of the 8th over - 0 runs, 0 hits, 0 errors, 1 left on base; New York 6 - Detroit 2 |
| BOTTOM OF THE 8TH |
|
Detroit Tigers batting - Pitching for New York Yankees : RHP Jeff Cornell
|
|
Batting: RHB Keith Moreland
|
0-0: Ball 1-0: Ball 2-0: Fly out, F7 (Flyball, 78D, EV 98.8 MPH)
|
|
Batting: LHB Mike Laga
|
0-0: SINGLE (Groundball, 4MD, EV 96.9 MPH)
|
|
Pinch Hitting: RHB Glenn Williams
|
0-0: Called Strike 0-1: Foul Ball, location: 2F 0-2: Foul Ball, location: 2F 0-2: Ball 1-2: Strikes out swinging
|
|
Pinch Hitting: RHB Tom Lawless
|
0-0: Ball 1-0: Ground out 4-3 (Groundball, 4, EV 103.1 MPH)
|
| Bottom of the 8th over - 0 runs, 1 hit, 0 errors, 1 left on base; New York 6 - Detroit 2 |
| TOP OF THE 9TH |
|
New York Yankees batting - Pitching for Detroit Tigers : RHP Preston Hanna
|
|
Now at 3B: Tom Lawless
|
|
|
Now in LF: Glenn Williams
|
|
|
Batting: RHB Ezequiel Menjibar
|
0-0: Called Strike 0-1: Foul Ball, location: 2F 0-2: Ball 1-2: Ball 2-2: Ball 3-2: Strikes out swinging
|
|
Batting: RHB Emanuel Cortez
|
0-0: Called Strike 0-1: Ball 1-1: Ball 2-1: Called Strike 2-2: SINGLE (Groundball, 5D, EV 98.1 MPH)
|
|
Pinch Hitting: LHB Ron Hassey
|
0-0: Called Strike 0-1: Ball 1-1: Ball 2-1: Ball 3-1: SINGLE (Flyball, 7LM, EV 87.5 MPH) Emanuel Cortez to second
|
|
Batting: RHB David Hall
|
0-0: Swinging Strike 0-1: Ball 1-1: DOUBLE (Groundball, 5L, EV 103.8 MPH) Emanuel Cortez scores Ron Hassey to third Runner from 3rd tries for Home, SAFE, throw by LF to trailing runner, SAFE at third!
|
|
Batting: LHB Mario Cabrera
|
0-0: Ball 1-0: Ground out 5-3 (Groundball, 56, EV 86.3 MPH) David Hall scores
|
|
Batting: LHB Wade Boggs
|
0-0: Ball 1-0: Ball 2-0: Reached on error, E5 (Groundball, 5, EV 85.6 MPH)
|
|
Batting: SHB Willie Wilson
|
0-0: SINGLE (Groundball, 6MD, EV 99.4 MPH) Wade Boggs to second
|
|
Batting: SHB Larry Hyman
|
0-0: Called Strike 0-1: Foul Ball, location: 2F 0-2: Fly out, F6 (Popup, 6, EV 81.3 MPH)
|
| Top of the 9th over - 3 runs, 4 hits, 1 error, 2 left on base; New York 9 - Detroit 2 |
| BOTTOM OF THE 9TH |
|
Detroit Tigers batting - Pitching for New York Yankees : RHP Jeff Cornell
|
|
Now at C: Ron Hassey
|
|
|
Batting: RHB Mike Sproles
|
0-0: Called Strike 0-1: Fly out, F9 (Flyball, 9S, EV 81.9 MPH)
|
|
Batting: RHB Rusty Tillman
|
0-0: Ball 1-0: Ball 2-0: Ball 3-0: Base on Balls
|
|
Batting: RHB Rusty Kuntz
|
0-0: Foul Ball, location: 2F 0-1: Ball 1-1: Called Strike 1-2: Strikes out swinging
|
|
Batting: RHB Jose Hidalgo
|
0-0: Foul Ball, location: 2F 0-1: Called Strike 0-2: Ball 1-2: Fielders Choice at 2nd, 6-4 (Groundball, 6, EV 81.9 MPH)
|
| Bottom of the 9th over - 0 runs, 0 hits, 0 errors, 1 left on base; New York 9 - Detroit 2 |
|